Moss, chaotic male elven Priest -------------- |*.??)%?@m?()| ----- ------------ |.......@....| ##....-# ............# --------f----- # |...|# |..........|# # ### |...|# |....<.....|# # # |...|# --.---------# # ### |...|# # # # |...|## #################### # # -----# ## ### ------+---.---- # # # # -+-.- # I-I............| ### # ##############I####-%..| ####|.......I.>.II| # # ### # |I^.| #I |....I.......(| ### # # ## ....+ I### |......I......| # # I##--------#I |...| --------.------ -----|--# #.......|#I --- # |......-# |......| |......|## |......+ |.......# |......| -------- -------- Moss the Aspirant Experience level: 2 Strength: 12 Dexterity: 12 Constitution: 13 Intelligence: 9 Wisdom: 18 Charisma: 9 Health: 0(17) Energy: 31(31) Def: 4 Gold: 0 Moves: 1000 Dungeon seed: n-7oeQRhaldwHrHN Game ID: Moss_1615333511 Your Inventory: Weapons a - a blessed +1 mace (weapon in hand) Armor e - a +0 robe (being worn) n - a +0 small shield (being worn) q - a +0 orcish helm (being worn) Comestibles c - a clove of garlic d - a sprig of wolfsbane p - a slime mold Scrolls m - a scroll of remove curse Spellbooks f - a spellbook of create monster g - a spellbook of remove curse Potions b - 4 potions of holy water Wands k - a wand of light (0:13) Tools h - an oil lamp (0:1136) i - a wooden harp Spells and supernatural/magical abilities: Name Level Category Fail Memory r - remove curse 3 clerical 11% 96% O - create monster 2 clerical 0% 96% W - pray for help -- divine ? -- X - turn undead -- divine ? -- Your skills at the end: Fighting Skills Weapon Skills mace [Basic] Spellcasting Skills clerical spells [Basic] Final Attributes: You were piously aligned. You had infravision. You were held by a large mimic. You are dead. Vanquished creatures: 2 jackals a kobold 2 goblins 8 grid bugs a kobold zombie 2 newts 16 creatures vanquished. Voluntary challenges: You were an atheist. You used a wielded weapon 13 times, starting on turn 4. You read items or engraved 1 time, starting on turn 961. You never genocided any monsters. You never polymorphed an object. You never changed form. You used no wishes. You never split a pudding. You never wrote Elbereth's name. You never violated your personal moral code. Dungeon overview: The Dungeons of Doom: levels 1 to 2 Level 1 a long staircase Level 2 <- You were here a general store History has recorded: On T:1 you entered the Dungeons of Doom to retrieve the Amulet of Yendor! On T:597 you reached level 2 of The Dungeons of Doom. On T:732 you advanced to experience level 2. Score breakdown: Gold: 0 ( 0 points) Experience: 2 levels ( 5570 points) Exploration: 2 levels ( 4.00%) ( 4285 points) Discoveries: 3 items ( 1.05%) ( 3077 points) Valuables value: (no points given unless you survive) Artifact value: 0 ( 0 points) Variety of kills: 6 monsters ( 1.57%) ( 3764 points) Turncount: 1000 turns ( 0 points) Survival: died (score multiplied by 80%) Total score: 13356 Latest messages: You see here a scroll labeled TEMOV (133 zorkmids). You see here a slime mold (22 zorkmids). You see here a lance (13 zorkmids). You see here a blessed unlabeled scroll (80 zorkmids). You see here a scroll labeled NR 9 (133 zorkmids). You see here a slime mold (22 zorkmids). You see here a black gem (3333 zorkmids). You see here a slime mold (22 zorkmids). You are beginning to feel hungry. "For you, esteemed sir; only 45 for this slime mold." p - a slime mold (unpaid, 45 zorkmids). You see here a scroll labeled NR 9 (133 zorkmids). You see here a blessed unlabeled scroll (80 zorkmids). You see here a lance (13 zorkmids). You see here a slime mold (45 zorkmids). You see here a scroll labeled TEMOV (133 zorkmids). You see here a plate mail (800 zorkmids). Wait! That's a large mimic! You miss the large mimic. The large mimic hits! You miss the large mimic. You hit the large mimic! You miss the large mimic. (2x) The large mimic hits! You die... Sipaliwini takes all your possessions. Final status: Goodbye Moss the Priest, killed by a large mimic... You died in The Dungeons of Doom on dungeon level 2 with 13356 points, and 0 pieces of gold, after 1000 moves. You were level 2 with a maximum of 17 hit points when you died.